 Dungeon Crawl Stone Soup version 0.29.0-13-gc9e81de378 (webtiles) character file.

Game seed: 16320427699811769647

3745 mtoz the Cleaver (level 9, -7/121 HPs)
             Began as a Minotaur Berserker on Sept 9, 2022.
             Was a Believer of Trog.
             Mangled by a yak (13 damage)
             ... on level 8 of the Dungeon.
             The game lasted 00:22:01 (8847 turns).

mtoz the Cleaver (Minotaur Berserker)               Turns: 8847, Time: 00:22:01

Health: -7/121     AC: 18    Str: 26    XL:     9   Next: 93%
Magic:  8/8        EV:  9    Int:  4    God:    Trog [**....]
Gold:   412        SH:  0    Dex: 10    Spells: 8/8 levels left

rFire   . . .      SeeInvis .   L - +0 war axe (freeze)
rCold   . . .      Faith    .   r - orb {mayhem}
rNeg    . . .      Spirit   .   M - +0 plate armour
rPois   .          Reflect  .   (helmet restricted)
rElec   .          Harm     .   u - scarf {+Inv}
rCorr   .          Rampage  .   K - +2 pair of gloves
Will    ++...                   n - +0 pair of boots
Stlth   ..........              (no amulet)
HPRegen 1.30/turn               (no ring)
MPRegen 0.11/turn               (no ring)

@: berserking, strong-willed, regenerating, very quick
A: horns 2, retaliatory headbutt
a: Renounce Religion, Evoke Invisibility, Berserk, Trog's Hand


You were on level 8 of the Dungeon.
You worshipped Trog.
Trog was pleased with you.
You visited 2 branches of the dungeon, and saw 9 of its levels.

You collected 412 gold pieces.

Inventory:

Hand Weapons
 p - a +2 trident of venom
 q - a +0 whip of electrocution
 t - a +1 flail of protection
 v - a +0 morningstar
 x - a +0 flail
 y - a +0 mace
 B - a +1 dire flail
 F - a +0 vorpal halberd
 L - a +0 war axe of freezing (weapon)
Missiles
 e - 41 stones (quivered)
 m - 4 throwing nets
 H - 9 poisoned darts
Armour
 n - a +0 pair of boots (worn)
 r - an orb of mayhem (worn)
 u - a scarf of invisibility (worn)
 K - a +2 pair of gloves (worn)
 M - a +0 plate armour (worn)
Scrolls
 b - a scroll of poison
 d - 3 scrolls of butterflies
 g - 3 scrolls of teleportation
 i - 2 scrolls of vulnerability
 k - a scroll of enchant weapon
 z - a scroll of fear
Potions
 a - a potion of cancellation {unknown}
 c - 2 potions of invisibility
 f - a potion of resistance
 h - a potion of attraction
 j - 3 potions of haste
 l - 2 potions of heal wounds
 o - 2 potions of ambrosia
 s - 2 potions of flight
 w - a potion of magic
 A - a potion of mutation
 C - a potion of lignification
 D - a potion of might {unknown}
 G - a potion of curing {unknown}


   Skills:
 + Level 7.9 Fighting
 * Level 10.6 Axes
 + Level 5.6 Throwing
 + Level 7.3 Armour
 + Level 6.7 Dodging


You had 8 spell levels left.
You didn't know any spells.
Your spell library was empty.

Dungeon Overview and Level Annotations

Branches:
Dungeon (8/15)             Temple (0/1) D:6            Lair (1/5) D:8

Altars:
Kikubaaqudgha
Ru
Trog
Yredelemnul

Shops:
D:2 [   D:5 :


Innate Abilities, Weirdness & Mutations

You have a pair of horns on your head.
You reflexively headbutt those who attack you in melee.


Message History

The yak barely misses the yak.
There is an open door here.
The yak barely misses the yak.
The yak barely misses you. x2
You furiously retaliate!
You headbutt the yak, but do no damage.
The yak gores the yak!
You hit the yak but do no damage. Your headbutt misses the yak.
The yak is almost dead.
You slash the yak! You freeze the yak.
The yak gores the yak!!
The yak dies!
Trog accepts your kill. The yak closely misses you.
You hit the yak. You freeze the yak.
The yak is almost dead.
The yak closely misses you. You furiously retaliate!
You headbutt the yak, but do no damage. The yak gores you!
You are too injured to fight recklessly!
You slash the yak! You freeze the yak.
The yak is moderately wounded.
You hit the yak but do no damage. The yak gores you but does no damage.
The yak gores the yak.
You slash the yak! You freeze the yak. You headbutt the yak!
The yak is almost dead.
You slash the yak! You freeze the yak.
You kill the yak!
Trog accepts your kill. The yak gores you! x2
You barely miss the yak. Your headbutt misses the yak.
The yak is almost dead.
The yak completely misses you.
You barely miss the yak.
The yak is almost dead.
The yak barely misses you. The yak gores you!
* * * LOW HITPOINT WARNING * * *
Your skin crawls.
You feel strong-willed. The yak gores you!
* * * LOW HITPOINT WARNING * * *
A red film seems to cover your vision as you go berserk!
You feel yourself moving faster!
You feel mighty! The yak gores you!
You die...

##...## ##.....##
##.......##
#.........#
+.........+
#.........#
#.......# #..Y..#
....#.@.## # ##'##
#.# # #.# #.##.##
#.#...####
#........#######.
.....#..............
.######.#...########


You could see a neutral yak (fast, strong, insane).

Vanquished Creatures
  Fannar (Lair:1)
  Grinder (D:4)
  4 yaks (D:8)
  2 water moccasins (D:7)
  2 ice beasts
  3 ogres
  A centaur (D:7)
  A kobold brigand (D:6)
  A scorpion (D:5)
  3 wights (D:7)
  A howler monkey (D:7)
  2 gnoll boudas
  6 hounds
  5 orc priests
  A jelly (D:7)
  3 iguanas
  4 orc wizards (D:4)
  17 gnolls
  10 adders
  2 white imps (D:7)
  4 dart slugs
  13 orcs
  5 ball pythons
  11 bats
  6 endoplasms
  A giant cockroach (D:3)
  6 hobgoblins
  2 jackals (D:4)
  5 quokkas
  2 frilled lizards (D:1)
  9 goblins
  13 kobolds
  5 rats
152 creatures vanquished.

Vanquished Creatures (collateral kills)
  3 yaks (D:8)
  An orc wizard (D:7)
  An orc (D:7)
5 creatures vanquished.

Vanquished Creatures (others)
  2 orcs (D:4)
2 creatures vanquished.

Grand Total: 159 creatures vanquished

Notes
Turn   | Place    | Note
-------+----------+-------------------------------------------
     0 | D:1      | mtoz the Minotaur Berserker began the quest for the Orb.
     0 | D:1      | Reached XP level 1. HP: 19/19 MP: 0/0
   230 | D:1      | Reached XP level 2. HP: 27/27 MP: 1/1
   385 | D:1      | Found a faded altar of an unknown god.
   420 | D:1      | Reached skill level 4 in Axes
  1191 | D:2      | Reached ** piety under Trog
  1192 | D:2      | Reached XP level 3. HP: 33/33 MP: 2/2
  1516 | D:2      | Reached skill level 1 in Throwing
  1656 | D:2      | Found Kipnu's Armour Boutique.
  2212 | D:3      | Reached XP level 4. HP: 40/40 MP: 3/3
  3124 | D:3      | Reached skill level 5 in Axes
  3273 | D:4      | Found a basalt altar of Yredelemnul.
  3273 | D:4      | Found an ancient bone altar of Kikubaaqudgha.
  3274 | D:4      | Found a bloodstained altar of Trog.
  3326 | D:4      | Reached XP level 5. HP: 38/47 MP: 4/4
  3397 | D:4      | Noticed Grinder
  3409 | D:4      | Reached XP level 6. HP: 42/42 MP: 2/5
  3412 | D:4      | Paralysed by Grinder for 3 turns
  3417 | D:4      | Paralysed by Grinder for 2 turns
  3426 | D:4      | Killed Grinder
  3427 | D:4      | Reached skill level 5 in Fighting
  3427 | D:4      | Reached skill level 6 in Axes
  3644 | D:4      | Reached XP level 7. HP: 40/61 MP: 6/6
  3970 | D:4      | Found a sacrificial altar of Ru.
  4095 | D:5      | Entered Level 5 of the Dungeon
  4124 | D:5      | Reached skill level 7 in Axes
  4421 | D:5      | Reached skill level 5 in Armour
  4431 | D:5      | Reached XP level 8. HP: 45/70 MP: 7/7
  5474 | D:5      | Found Teoplysarch's Tremendous Tomes.
  5739 | D:6      | Found a staircase to the Ecumenical Temple.
  5888 | D:6      | Reached *** piety under Trog
  5894 | D:6      | Reached skill level 8 in Axes
  5975 | D:6      | Reached skill level 5 in Dodging
  7157 | D:7      | HP: 3/71 [centaur/arrow (1)]
  7923 | D:7      | Reached skill level 9 in Axes
  7923 | D:7      | Reached XP level 9. HP: 78/78 MP: 8/8
  8624 | D:8      | Found a staircase to the Lair.
  8629 | Lair:1   | Entered Level 1 of the Lair of Beasts
  8629 | Lair:1   | Noticed Fannar
  8642 | Lair:1   | Killed Fannar
  8643 | Lair:1   | Reached skill level 10 in Axes
  8643 | Lair:1   | Reached skill level 5 in Throwing
  8809 | Lair:1   | Identified a scroll of acquirement
  8809 | Lair:1   | Acquired 772 gold pieces
  8846 | D:8      | HP: 3/81 [yak (14)]
  8847 | D:8      | Mangled by a yak

Illustrated notes

Levels and vault maps discovered:
D:1:      dpeg_arrival_signposts, layout_basic,
          hellmonk_ecumenical_altar_blasted
D:2:      layout_basic, serial_shops, nicolae_lakefront_shop
D:3:      layout_basic
D:4:      layout_basic, nicolae_ru_great_annihilating_truth,
          gammafunk_temple_overflow_claw, minivault_19, uniq_grinder
D:5:      layout_basic, nicolae_shop_i_like_big_books, amcnicky_mini_pool_small
D:6:      layout_loops_corners, temple_fountains,
          chequers_serial_rivers_small_a, dk_noncrumbling_2,
          corexii_leaking_fountain
D:7:      layout_basic, serial_glass, glass_columns_b, glass_columns_a
D:8:      layout_loops_corners, mainiacjoe_overflow_six_doors_small,
          kennysheep_mini, lair_entry_dummy
Lair:1:   layout_regular_city, nicolae_volcano_entry_two_sided, basic_altar,
          uniq_nergalle, uniq_fannar

Skill      XL: |  1  2  3  4  5  6  7  8  9 |
---------------+----------------------------+-----
Axes           | 4 5 6 7 9 10 | 10.6
Fighting       | 4 5 6 7 |  7.9
Throwing       | 1 2 3 4 5 |  5.6
Armour         | 3 4 5 6 7 |  7.3
Dodging        | 3 4 5 6 |  6.7

Action                   |  1- 3 |  4- 6 |  7- 9 || total
-------------------------+-------+-------+-------++-------
Melee: Hand axe          |    89 |   105 |   169 ||   363
       Headbutt          |    11 |    10 |    39 ||    60
       Punch             |       |       |     1 ||     1
       War axe           |       |       |    68 ||    68
Throw: Stone             |     1 |     4 |     2 ||     7
Invok: Berserk           |     1 |     3 |     9 ||    13
       Trog's Hand       |       |     3 |     9 ||    12
 Abil: Evoke Invisibilit |       |     2 |     1 ||     3
  Use: Scroll            |       |     3 |    18 ||    21
 Stab: Invisible         |       |     5 |     4 ||     9
       Paralysed         |       |       |     2 ||     2
Armor: Animal skin       |    11 |       |       ||    11
       Ring mail         |    17 |       |       ||    17
       Chain mail        |    14 |    63 |    70 ||   147
       Plate armour      |       |       |    28 ||    28
Dodge: Dodged            |    55 |    68 |   102 ||   225
